 Dungeon Crawl Stone Soup version 0.28.0 (webtiles) character file.

Game seed: 3238321917525357511

489394 freelancePsychic the Slayer (level 23, -4/232 HPs)
             Began as a Minotaur Fighter on Feb 17, 2022.
             Killed from afar by an ancient lich (98 damage)
             ... with a crystal spear
             ... on level 5 of the Vaults.
             The game lasted 02:14:04 (64742 turns).

freelancePsychic the Slayer (Minotaur Fighter)     Turns: 64742, Time: 02:14:04

Health: -4/232     AC: 31    Str: 22    XL:     23   Next: 85%
Magic:  7/7        EV: 14    Int: 14    God:
Gold:   4233       SH: 27    Dex: 16    Spells: 22/22 levels left

rFire   + + +      SeeInvis .   b - +5 demon whip "Spellbinder" {antimagic, Will+}
rCold   + + +      Faith    .   q - +4 tower shield {reflect}
rNeg    + . .      Spirit   .   M - +2 plate armour {rF+}
rPois   +          Reflect  +   S - -2 hat of the Alchemist {rElec rPois rF+ rC+ rN+ Will+ rMut rCorr}
rElec   +          Harm     .   l - +2 cloak
rCorr   +          Rampage  .   f - +2 pair of gloves
rMut    +                       e - +2 pair of boots of Uskayaw's Generosity {rElec Int+5}
Will    ++++.                   j - amulet of the Heavens {rC+ Regen+ Slay+2}
Stlth   ..........              r - +4 ring of slaying
HPRegen 1.28/turn               k - ring "Lavuxzi" {rF++ rC+ Will+ rCorr}
MPRegen 0.10/turn

@: studying 4 skills
A: horns 2, retaliatory headbutt
}: 2/15 runes: serpentine, barnacled
a: no special abilities


You were on level 5 of the Vaults.
You visited 8 branches of the dungeon, and saw 43 of its levels.
You visited the Abyss 1 time.
You also visited: Trove, Volcano, Wizlab and Desolation.

You collected 7427 gold pieces.
You spent 3194 gold pieces at shops.

Inventory:

Hand Weapons
 a - a +9 double sword of draining
 b - the +5 demon whip "Spellbinder" (weapon) {antimagic, Will+}
   (You took it off a servant of whispers in the Desolation of Salt)

   It reduces the magical energy of the wielder, and disrupts the spells and
   magical abilities of those it strikes.
   Natural abilities and divine invocations are not affected.
   It unleashes wild and unpredictable magical effects upon striking a wizard or
   a creature with magical abilities.
   Will:      It increases your willpower.
 h - the +12 dagger of Muluk {distort, +Blink Str+6 Int-5}
   (You found it on level 2 of the Dungeon)

   It warps and distorts space around it, and may blink, banish, or inflict
   extra damage upon those it strikes.
   Unwielding it can cause banishment or high damage.
   Str:       It affects your strength (+6).
   Int:       It affects your intelligence (-5).
   +Blink:    It lets you blink.
Missiles
 c - 14 javelins (quivered)
Armour
 e - the +2 pair of boots of Uskayaw's Generosity (worn) {rElec Int+5}
   (You bought it in a shop on level 2 of the Vaults)

   Int:       It affects your intelligence (+5).
   rElec:     It insulates you from electricity.
 f - a +2 pair of gloves (worn)
 l - a +2 cloak (worn)
 q - a +4 tower shield of reflection (worn)
 M - a +2 plate armour of fire resistance (worn)
 S - the -2 hat of the Alchemist (worn) {rElec rPois rF+ rC+ rN+ Will+ rMut rCorr}
   (You found it on level 15 of the Dungeon)

   rF:        It protects you from fire.
   rC:        It protects you from cold.
   rElec:     It insulates you from electricity.
   rPois:     It protects you from poison.
   rN:        It protects you from negative energy.
   rCorr:     It protects you from acid and corrosion.
   rMut:      It protects you from mutation.
   Will:      It increases your willpower.
Jewellery
 j - the amulet of the Heavens (around neck) {rC+ Regen+ Slay+2}
   (You found it in a treasure trove)

   [amulet of regeneration]

   Slay:      It affects your accuracy & damage with ranged weapons and melee
   (+2).
   rC:        It protects you from cold.
   Regen:     It increases your rate of health regeneration.
 k - the ring "Lavuxzi" (right hand) {rF++ rC+ Will+ rCorr}
   (You found it in the Desolation of Salt)

   [ring of willpower]

   rF:        It greatly protects you from fire.
   rC:        It protects you from cold.
   rCorr:     It protects you from acid and corrosion.
   Will:      It increases your willpower.
 m - the ring of Noceeck {Contam rElec rPois Int+6 Dex-2}
   (You found it in the Desolation of Salt)

   [ring of intelligence]

   Int:       It affects your intelligence (+6).
   Dex:       It affects your dexterity (-2).
   rElec:     It insulates you from electricity.
   rPois:     It protects you from poison.
   Contam:    It causes magical contamination when unequipped.
 r - a +4 ring of slaying (left hand)
 z - a ring of protection from fire
 G - the ring "Ixeagyh" {rPois rC+ rCorr Str+8 Dex-5}
   (You bought it in a shop on level 5 of the Dungeon)

   [ring of resist corrosion]

   Str:       It affects your strength (+8).
   Dex:       It affects your dexterity (-5).
   rC:        It protects you from cold.
   rPois:     It protects you from poison.
   rCorr:     It protects you from acid and corrosion.
 N - the ring "Tugila" {Ice rN+ Str+9 Dex-4}
   (You found it in a treasure trove)

   [ring of ice]

   It enhances your ice magic.
   Str:       It affects your strength (+9).
   Dex:       It affects your dexterity (-4).
   rF:        It makes you vulnerable to fire.
   rC:        It protects you from cold.
   rN:        It protects you from negative energy.
 Y - a ring of willpower
 Z - an amulet of the acrobat
Wands
 s - a wand of polymorph (10)
 x - a wand of mindburst (12) {@v3}
 y - a wand of flame (52) {@v2}
 A - a wand of paralysis (32)
 C - a wand of iceblast (20)
 H - a wand of digging (7)
 T - a wand of charming (2)
Scrolls
 w - 4 scrolls of blinking
 E - 2 scrolls of magic mapping
 I - 9 scrolls of immolation
 J - 6 scrolls of teleportation {@r4}
 K - 2 scrolls of vulnerability
 O - 5 scrolls of silence
 P - 4 scrolls of amnesia
 R - 2 scrolls of fear
 X - 20 scrolls of identify {@r1}
Potions
 d - 5 potions of might
 g - a potion of ambrosia
 i - 5 potions of degeneration
 o - 3 potions of attraction
 t - 3 potions of lignification
 u - 2 potions of flight
 v - 3 potions of cancellation
 B - 8 potions of mutation
 D - 2 potions of brilliance
 F - a potion of invisibility
 L - 6 potions of magic
 Q - 3 potions of curing {@q1}
Miscellaneous
 n - a tin of tremorstones (2/2)
 p - a phial of floods
 U - a box of beasts
 V - a phantom mirror


   Skills:
 - Level 24.5 Fighting
 - Level 10.0(13.0) Short Blades
 - Level 14.6(16.0) Long Blades
 - Level 12.0 Maces & Flails
 - Level 4.0 Polearms
 * Level 7.8 Throwing
 + Level 21.7 Armour
 - Level 15.5 Dodging
 - Level 22.8 Shields
 + Level 18.7 Evocations


You had 22 spell levels left.
You didn't know any spells.
Your spell library contained the following spells:

 Spells                   Type           Power      Damage    Failure   Level
 Beastly Appendage        Tmut           0%         N/A       95%         1
 Foxfire                  Conj/Fire      0%         2x1d4     95%         1
 Freeze                   Ice            0%         1d3       95%         1
 Pain                     Necr           0%         1d4       95%         1
 Slow                     Hex            0%         N/A       95%         1
 Summon Small Mammal      Summ           0%         N/A       95%         1
 Call Imp                 Summ           0%         N/A       98%         2
 Corpse Rot               Necr/Air       0%         N/A       98%         2
 Ensorcelled Hibernation  Hex/Ice        0%         N/A       98%         2
 Poisonous Vapours        Pois/Air       0%         N/A       98%         2
 Sublimation of Blood     Necr           0%         N/A       98%         2
 Wereblood                Tmut           0%         N/A       98%         2
 Call Canine Familiar     Summ           0%         N/A       100%        3
 Confusing Touch          Hex            0%         N/A       100%        3
 Conjure Flame            Conj/Fire      0%         6-21      100%        3
 Frozen Ramparts          Ice            0%         1d2       100%        3
 Gell's Gravitas          Tloc           0%         N/A       100%        3
 Ignite Poison            Fire/Tmut/Pois 0%         N/A       100%        3
 Inner Flame              Hex/Fire       0%         N/A       100%        3
 Mephitic Cloud           Conj/Pois/Air  0%         N/A       100%        3
 Ozocubu's Armour         Ice            0%         N/A       100%        3
 Portal Projectile        Hex/Tloc       0%         N/A       100%        3
 Spider Form              Tmut/Pois      0%         N/A       100%        3
 Summon Guardian Golem    Hex/Summ       0%         N/A       100%        3
 Vampiric Draining        Necr           0%         2d6       100%        3
 Airstrike                Air            0%         N/A       100%        4
 Animate Armour           Summ/Erth      0%         N/A       100%        4
 Cause Fear               Hex            0%         N/A       100%        4
 Flame Wave               Conj/Fire      0%         2d4       100%        4
 Fulminant Prism          Conj/Hex       0%         3d6       100%        4
 Hailstorm                Conj/Ice       0%         3d3       100%        4
 Leda's Liquefaction      Hex/Erth       0%         N/A       100%        4
 Olgreb's Toxic Radiance  Pois           0%         N/A       100%        4
 Petrify                  Tmut/Erth      0%         N/A       100%        4
 Summon Lightning Spire   Summ/Air       0%         N/A       100%        4
 Alistair's Intoxication  Tmut/Pois      0%         N/A       100%        5
 Blade Hands              Tmut           0%         N/A       100%        5
 Borgnjor's Vile Clutch   Necr/Erth      0%         N/A       100%        5
 Fireball                 Conj/Fire      0%         3d3       100%        5
 Freezing Cloud           Conj/Ice/Air   0%         6-21      100%        5
 Irradiate                Conj/Tmut      0%         3d13      100%        5
 Iskenderun's Battlesphe  Conj           0%         2d6       100%        5
 Lee's Rapid Deconstruct  Erth           0%         3d5*      100%        5
 Lightning Bolt           Conj/Air       0%         1d11      100%        5
 Metabolic Englaciation   Hex/Ice        0%         N/A       100%        5
 Conjure Ball Lightning   Conj/Air       0%         3x3d6     100%        6
 Dispersal                Tloc           0%         N/A       100%        6
 Eringya's Noxious Bog    Tmut/Pois      0%         N/A       100%        6
 Iron Shot                Conj/Erth      0%         9d1       100%        6
 Simulacrum               Ice/Necr       0%         N/A       100%        6
 Statue Form              Tmut/Erth      0%         N/A       100%        6
 Dragon Form              Tmut           0%         N/A       100%        7
 Malign Gateway           Summ/Tloc      0%         N/A       100%        7
 Orb of Destruction       Conj           0%         9d5       100%        7
 Spellforged Servitor     Conj/Summ      0%         N/A       100%        7
 Storm Form               Tmut/Air       0%         N/A       100%        7
 Borgnjor's Revivificati  Necr           0%         N/A       100%        8
 Discord                  Hex            0%         N/A       100%        8
 Disjunction              Tloc           0%         N/A       100%        8
 Infestation              Necr           0%         N/A       100%        8
 Maxwell's Capacitive Co  Air            0%         ∞         100%        8
 Necromutation            Tmut/Necr      0%         N/A       100%        8
 Chain Lightning          Conj/Air       0%         N/A       100%        9
 Death's Door             Necr           0%         N/A       100%        9
 Dragon's Call            Summ           0%         N/A       100%        9
 Fire Storm               Conj/Fire      0%         5d1       100%        9
 Polar Vortex             Ice            0%         N/A       100%        9
 Shatter                  Erth           0%         3d5*      100%        9


Dungeon Overview and Level Annotations

Branches:
Dungeon (15/15)            Temple (0/1) D:6            Lair (6/6) D:8
 Shoals (4/4) Lair:3        Snake (4/4) Lair:3        Slime (0/5) Lair:5
    Orc (2/2) D:10            Elf (3/3) Orc:2        Vaults (5/5) D:13
  Crypt (0/3) Vaults:3     Depths (4/4) D:15            Zot (0/5) Depths:4
Volcano (visited)          WizLab (visited)         Desolation (visited)

Altars:
Dithmenos
Fedhas
Kikubaaqudgha
Beogh
Jiyva

Shops:
D:4 (   D:5 =   Orc:2 *([?   Elf:1 =:=   Elf:3 *   Vaults:2 *

Portals:
Hell: Depths:1 Depths:2 Depths:3 Depths:4
Abyss: Depths:1 Depths:3
Pandemonium: Depths:2
Ziggurat: Depths:3

Annotations:
D:6 Dowan; Duvessa
D:9 2 runed translucent doors, BobtheApe's ghost, novice DrCj
Lair:3 3 runed translucent doors, browni3141's ghost, journeyman MiBe
Lair:4 2 runed translucent doors, snaxamus's ghost, journeyman MiAK
Lair:5 1 runed translucent door
Shoals:3 Ilsuiw
Elf:2 1 runed translucent door, Dataggej's ghost, adept MiBe
Elf:3 Roxanne
Vaults:3 3 runed translucent doors, SpeedRobin's ghost, adept DDFi
Depths:2 exclusion: downstairs
Abyss:1 Aizul; Edmund; Mara


Innate Abilities, Weirdness & Mutations

You have a pair of horns on your head.
You reflexively headbutt those who attack you in melee.


Message History

You thrash the phantasmal warrior!!
The phantasmal warrior's magic leaks into the air.
The phantasmal warrior spins around.
The phantasmal warrior is almost destroyed.
You closely miss the phantasmal warrior.
The phantasmal warrior is almost destroyed.
You block the phantasmal warrior's attack.
You whack the phantasmal warrior!
The phantasmal warrior's magic leaks into the air.
The wind whips around the phantasmal warrior!
You destroy the phantasmal warrior!
The vault guard hits you but does no damage.
Things that are here:
a +0 long sword; a +0 plate armour You see here 4 large rocks.
Items here: ( )) ††.
Items here: ) ? [ †.
Your nameless horror disappears in a puff of smoke!
You hear some strange, mumbled words.
You thrash the vault guard!! You headbutt the vault guard.
The vault guard is heavily wounded.
Your nameless horror closely misses something.
You whack the vault guard!
The vault guard is severely wounded.
You block the vault guard's attack. The vault guard closely misses you.
You furiously retaliate!
You headbutt the vault guard, but do no damage.
You hit something but do no damage.
Shadows flicker in the thin air.
You headbutt something! You miss something.
You hear some strange, mumbled words.
A bolt of acid appears from out of thin air!
The bolt of acid hits you! You resist.
Your nameless horror hits the vault guard but does no damage.
You hit something but do no damage.
A rift temporarily opens in the fabric of space.
You hear some strange, mumbled words.
A crystal spear appears from out of thin air!
The crystal spear hits you!!!!
You die...

*,,#§#.#,*,,,,^,,,,,,
*,,#.#,*,*,,,^,,,,,,,
*,,#§#,*,*,^,,,,,,,,,
*,,#§#,*,*,,,,,,,,,,,
*,,#)#,*,*,,,,,,,,,,,
*,,#X#,*,*,,,,,,,,,,,
*,,#p#,*,************
*,,#{#,*,,,,,,,,,,,,,
#,,#@#,**************
#.,#.#,,,,,,,,,,,,,,,
#..#.################
#....................
#..).################
#.....,,,,,,,,,,,,,,,
#..(...,,,,,,,,,,,,,,
########*************


You could see a vault guard (ally target) and a friendly nameless horror
(summoned).

Vanquished Creatures
  An ancient lich (Depths:3)
  A dread lich (Vaults:5)
  A juggernaut (Depths:3)
  A royal mummy (WizLab)
  Xtahua (Vaults:4)
  Margery (Depths:3)
  A caustic shrike (Depths:1)
  4 golden dragons
  2 bone dragons
  4 tentacled monstrosities
  Jorgrun (D:13)
  A lich (Abyss:4)
  2 titans
  2 quicksilver dragons
  2 deep elf master archers
  2 tentacled starspawn
  An ancient champion (Elf:3)
  A kraken (Shoals:2)
  7 shadow dragons
  Gastronok (D:12)
  10 sphinxes
  8 tengu reavers
  4 storm dragons
  6 nagarajas
  10 fire giants
  A draconian knight (Depths:4)
  Donald (Snake:3)
  4 deep elf sorcerers
  A draconian scorcher (Depths:4)
  9 frost giants
  An orc warlord (Vaults:3)
  3 iron dragons
  2 cacodemons
  11 vault wardens
  A curse skull (Elf:3)
  4 imperial myrmidons (Desolation)
  2 draconian shifters
  A spriggan defender (Depths:3)
  A ghoul (Elf:2)
  8 deep elf elementalists
  21 ironbound preservers
  24 very ugly things
  A war gargoyle (Vaults:2)
  12 stone giants
  6 ironbound thunderhulks
  14 vampire knights
  6 deep elf demonologists
  8 dire elephants
  2 purple draconians (Depths:4)
  2 black draconians
  3 entropy weavers
  6 deep elf annihilators
  The ghost of HeliumTrimp the Carver, a journeyman FoFi of Zin (D:15)
  A yellow draconian (Depths:4)
  A bunyip (shapeshifter) (Depths:1)
  A white draconian (Depths:4)
  2 halazid warlocks (Desolation)
  9 crystal guardians
  5 deep elf death magi (Elf:3)
  5 spark wasps
  14 ettins
  An eidolon (Depths:1)
  3 merfolk javelineers (Shoals:4)
  A quicksilver dragon zombie (Depths:4)
  2 mummy priests (WizLab)
  11 yaktaur captains
  5 fire dragons
  8 servants of whispers (Desolation)
  10 merfolk impalers
  9 ragged hierophants (Desolation)
  A jiangshi (Elf:3)
  8 great orbs of eyes
  6 deep elf high priests
  A rakshasa (Depths:2)
  21 vault guards
  4 boulder beetles
  A salamander tyrant (Snake:2)
  10 hydras
  2 catoblepae
  3 spriggan air magi
  7 ice dragons
  2 hell beasts (Depths:2)
  8 naga warriors
  12 peacekeepers
  9 centaur warriors
  4 anacondas
  A merfolk avatar (Shoals:2)
  6 death yaks
  2 satyrs
  8 two-headed ogres
  An alligator snapping turtle (Shoals:2)
  3 ogre magi
  6 ironbound frosthearts
  24 dancing weapons
  5 deep troll shamans (Depths:2)
  4 tengu warriors
  3 merfolk aquamancers (Shoals:4)
  3 vampire magi
  A soul eater (Depths:3)
  An orc high priest (Elf:1)
  9 thrashing horrors
  A deep troll earth mage (Depths:2)
  5 shock serpents
  3 spriggan berserkers
  A hell hog (Volcano)
  Sonja (D:12)
  11 naga sharpshooters
  3 iron trolls (Depths:2)
  16 deep elf knights
  12 hell knights
  2 sixfirhies (Abyss:3)
  3 salamander mystics
  A titan skeleton (Depths:4)
  3 shadow wraiths
  A spatial maelstrom (Abyss:3)
  2 wretched stars
  A flayed ghost (Depths:4)
  4 skeletal warriors
  A deep troll (shapeshifter) (Vaults:5)
  9 sea snakes
  A death drake (Abyss:3)
  3 glowing orange brains
  6 naga ritualists
  40 deep trolls
  11 deep elf archers
  Pikel (D:6)
  29 deep elf pyromancers
  12 necromancers
  2 phantasmal warriors (Vaults:5)
  2 tengu zombies
  11 orc knights
  15 ironbound convokers
  6 wizards
  2 wolf spiders (D:15)
  27 deep elf zephyrmancers
  2 human zombies
  8 harpies
  8 mana vipers
  2 orc sorcerers
  A frost giant zombie (WizLab)
  2 stone giant zombies
  2 worldbinders (Abyss:2)
  38 ugly things
  5 cyclopes
  7 manticores
  6 fauns
  An iron dragon zombie (WizLab)
  A fire giant zombie (WizLab)
  2 apocalypse crabs
  9 salamanders
  2 stone giant skeletons (Vaults:5)
  16 guardian serpents
  2 spectral elves (Elf:3)
  7 merfolk sirens
  3 molten gargoyles
  Maurice (D:10)
  17 naga magi
  12 vault sentinels
  4 elephants
  33 black mambas
  3 water nymphs (Shoals:4)
  A centaur zombie (D:11)
  2 gargoyles
  3 smoke demons
  3 kobold demonologists (D:11)
  9 komodo dragons
  9 cane toads
  3 rime drakes
  An efreet (D:11)
  A freezing wraith (Vaults:5)
  A yaktaur zombie (WizLab)
  23 yaktaurs
  2 ice devils (Depths:2)
  2 red devils (Depths:2)
  2 tengu conjurers
  2 ancient zymes (Abyss:3)
  2 polar bears (Lair:6)
  An elf skeleton (Vaults:2)
  9 trolls
  A wind drake (shapeshifter) (D:13)
  A queen bee (shapeshifter) (Abyss:3)
  10 merfolk
  4 hornets
  24 blink frogs
  A tarantella (shapeshifter) (Vaults:5)
  2 wind drakes
  69 saltlings (Desolation)
  A tengu simulacrum (Vaults:5)
  22 slime creatures
  8 raiju
  3 snapping turtles
  3 dream sheep
  A raiju (shapeshifter) (Vaults:5)
  A deep troll zombie (Vaults:2)
  4 flying skulls (Elf:3)
  3 ynoxinuls
  20 water elementals
  8 air elementals
  A shadow (Abyss:3)
  11 spriggans (Lair:6)
  3 vampires (Vaults:3)
  12 fire bats (Volcano)
  A spriggan (shapeshifter) (Vaults:5)
  4 wyverns
  A hog (shapeshifter) (Depths:2)
  42 yaks
  A golden eye (shapeshifter) (Elf:1)
  2 steam dragons
  2 wraiths
  A chaos spawn (Abyss:3)
  A basilisk (D:14)
  2 golden eyes
  11 vampire mosquitoes
  2 neqoxecs
  A redback (Vaults:2)
  A redback simulacrum (D:15)
  6 wargs
  A harpy simulacrum (Abyss:3)
  3 acid dragons
  33 nagas
  2 floating eyes
  5 large abominations
  16 water moccasins
  A floating eye (shapeshifter) (Vaults:3)
  38 orc warriors
  11 black bears
  A hornet zombie (WizLab)
  A sky beast (D:6)
  A black bear (shapeshifter) (D:15)
  An ice beast (D:5)
  33 wolves
  2 necrophages
  13 centaurs
  8 boggarts
  A lemure (D:6)
  13 ogres
  An elf simulacrum (Elf:3)
  2 phantoms (D:4)
  2 kobold brigands
  11 bullfrogs
  2 earth elementals
  A scorpion (D:5)
  A human simulacrum (Vaults:2)
  16 killer bees
  3 wights (D:8)
  4 electric eels
  5 lava snakes (Volcano)
  9 starcursed masses
  A bullfrog zombie (D:7)
  6 hounds
  2 quasits (Abyss:3)
  A centaur skeleton (D:5)
  8 orc priests
  A jelly (D:5)
  2 iguanas
  10 orc wizards
  11 small abominations
  A killer bee zombie (D:8)
  6 adders
  2 shadow imps
  2 white imps
  A worm (D:2)
  A dart slug (D:3)
  65 orcs
  5 endoplasms
  A giant cockroach (D:1)
  5 goblins
  8 hobgoblins
  3 jackals (D:1)
  6 quokkas
  4 ball pythons
  8 bats
  2 frilled lizards
  18 kobolds
  6 rats
  A lost soul (Elf:3)
  A starspawn tentacle (Abyss:3)
  5 tentacles (Shoals:2)
1738 creatures vanquished.

Vanquished Creatures (collateral kills)
  Mennas (Vaults:4)
  Asterion (Elf:2)
  A kraken (Shoals:2)
  A very ugly thing (Depths:4)
  A green draconian (Depths:4)
  A deep troll shaman (Depths:3)
  A hell knight (Depths:3)
  A faun (Shoals:2)
  An ugly thing (Depths:4)
  A manticore (Shoals:2)
  A golden eye (Depths:1)
  3 tentacles (Shoals:2)
14 creatures vanquished.

Vanquished Creatures (others)
  A deep elf sorcerer (Elf:3)
  2 deep elf knights
  A sea snake (Shoals:3)
  2 deep elf zephyrmancers
  A deep elf pyromancer (Elf:2)
  An ugly thing (Depths:3)
  A guardian serpent (Snake:1)
  3 orc warriors (Elf:1)
  A crimson imp (Abyss:3)
  36 fungi
  A lost soul (Elf:3)
  3 lurking horrors
  47 plants
  19 starspawn tentacles
  18 tentacles (Shoals:2)
  3 withered plants (Desolation)
140 creatures vanquished.

Grand Total: 1892 creatures vanquished

Notes
Turn   | Place    | Note
-------+----------+-------------------------------------------
     0 | D:1      | freelancePsychic the Minotaur Fighter began the quest for
                  | the Orb.
     0 | D:1      | Reached XP level 1. HP: 19/19 MP: 0/0
   161 | D:1      | Reached XP level 2. HP: 27/27 MP: 1/1
   273 | D:1      | Reached skill level 4 in Fighting
   291 | D:1      | Found a faded altar of an unknown god.
   617 | D:2      | Identified the +12 dagger of Muluk {distort, +Blink Str+6
                  | Int-5}
   752 | D:2      | Reached XP level 3. HP: 33/33 MP: 2/2
  1272 | D:3      | Reached skill level 1 in Short Blades
  1627 | D:3      | Reached XP level 4. HP: 41/41 MP: 3/3
  2148 | D:4      | Reached skill level 5 in Fighting
  2148 | D:4      | Reached XP level 5. HP: 46/48 MP: 4/4
  2264 | D:4      | Found Curgh's Antique Weapon Shoppe.
  2294 | D:4      | Noticed a phantom
  2304 | D:4      | Killed a phantom
  2389 | D:4      | Reached XP level 6. HP: 56/56 MP: 5/5
  2571 | D:5      | Entered Level 5 of the Dungeon
  2593 | D:5      | Reached skill level 5 in Short Blades
  2640 | D:5      | Found Zyleefef's Jewellery Emporium.
  2644 | D:5      | Reached skill level 6 in Fighting
  2644 | D:5      | Noticed Edmund
  2652 | D:5      | Reached XP level 7. HP: 63/63 MP: 6/6
  2653 | D:5      | Banished Edmund
  2907 | D:5      | Reached skill level 7 in Fighting
  3087 | D:6      | Noticed Dowan
  3089 | D:6      | Noticed Duvessa
  3368 | D:6      | Reached XP level 8. HP: 68/73 MP: 7/7
  3402 | D:6      | You fall into a shaft and drop 3 floors!
  3614 | D:9      | Noticed a two-headed ogre
  3882 | D:8      | Found a staircase to the Lair.
  3883 | D:8      | Noticed a death yak
  3896 | D:8      | Reached skill level 8 in Fighting
  3913 | D:8      | Killed a death yak
  3914 | D:8      | Reached skill level 9 in Fighting
  3914 | D:8      | Reached skill level 10 in Short Blades
  3914 | D:8      | Reached XP level 9. HP: 56/84 MP: 8/8
  4159 | D:8      | Reached skill level 10 in Fighting
  4289 | D:8      | Reached skill level 1 in Dodging
  4533 | D:8      | Noticed a two-headed ogre
  4538 | D:8      | Banished a two-headed ogre
  4539 | D:8      | Reached skill level 5 in Armour
  4815 | D:7      | Reached skill level 1 in Evocations
  5380 | D:7      | Reached XP level 10. HP: 94/94 MP: 9/9
  5405 | D:7      | Noticed a manticore
  5420 | D:7      | Killed a manticore
  5745 | D:6      | Found a staircase to the Ecumenical Temple.
  5788 | D:6      | Reached skill level 11 in Fighting
  6194 | D:8      | Found a shadowy altar of Dithmenos.
  6388 | D:9      | Found a large runed translucent door.
  6818 | D:9      | Found a large runed translucent door.
  6823 | D:9      | Noticed BobtheApe's ghost (novice DrCj)
  6922 | D:10     | Entered Level 10 of the Dungeon
  7111 | D:10     | Found a staircase to the Orcish Mines.
  7378 | D:5      | Bought the ring "Ixeagyh" {rPois rC+ rCorr Str+8 Dex-5} for
                  | 489 gold pieces
  7591 | D:6      | Noticed Pikel
  7608 | D:6      | Killed Pikel
  7812 | Lair:1   | Entered Level 1 of the Lair of Beasts
  7940 | Lair:1   | Noticed a cane toad
  7948 | Lair:1   | Killed a cane toad
  7966 | Lair:1   | Reached skill level 5 in Evocations
  7966 | Lair:1   | Reached XP level 11. HP: 104/104 MP: 10/10
  7975 | Lair:1   | You fall into a shaft and drop 1 floor!
  8011 | Lair:2   | Noticed a seven-headed hydra
  8022 | Lair:2   | Killed a seven-headed hydra
  8160 | Lair:1   | Reached skill level 10 in Shields
  8284 | Lair:1   | Noticed an eight-headed hydra
  8291 | Lair:1   | Killed an eight-headed hydra
  8296 | Lair:1   | Reached skill level 12 in Fighting
  8953 | Lair:2   | Noticed a four-headed hydra
  8962 | Lair:2   | Killed a four-headed hydra
  9511 | Lair:3   | Found a dark tunnel.
  9522 | Volcano  | Entered a volcano
  9702 | Volcano  | Found a bloodstained altar of Trog.
  9702 | Volcano  | Noticed a hell hog
  9720 | Volcano  | Killed a hell hog
  9729 | Volcano  | Reached XP level 12. HP: 92/113 MP: 11/11
  9910 | Volcano  | Noticed a fire dragon
  9921 | Volcano  | Killed a fire dragon
 10228 | Lair:3   | Found a staircase to the Shoals.
 10263 | Lair:3   | Found a runed translucent gate.
 10263 | Lair:3   | Found a runed translucent gate.
 10263 | Lair:3   | Found a runed translucent gate.
 10264 | Lair:3   | Noticed browni3141's ghost (journeyman MiBe)
 10532 | Lair:3   | Found a staircase to the Snake Pit.
 10723 | Lair:4   | Noticed a seven-headed hydra
 10731 | Lair:4   | Killed a seven-headed hydra
 10733 | Lair:4   | Reached skill level 13 in Fighting
 10965 | Lair:4   | Found a large runed translucent door.
 10965 | Lair:4   | Found a large runed translucent door.
 10966 | Lair:4   | Noticed snaxamus's ghost (journeyman MiAK)
 11170 | Lair:4   | Reached skill level 10 in Armour
 11675 | Lair:4   | Noticed a boulder beetle
 11688 | Lair:4   | Killed a boulder beetle
 11851 | Lair:5   | Found a runed translucent door.
 11866 | Lair:5   | Found a viscous altar of Jiyva.
 11867 | Lair:5   | Noticed an acid blob
 11871 | Lair:5   | Found a staircase to the Slime Pits.
 11962 | Lair:5   | Reached XP level 13. HP: 122/122 MP: 12/12
 12012 | Lair:6   | Entered Level 6 of the Lair of Beasts
 12103 | Lair:5   | Reached skill level 5 in Dodging
 12631 | Lair:6   | Got Ykise's Compendium of the Traveller
 12735 | Lair:6   | Reached skill level 14 in Fighting
 12785 | Lair:6   | Reached skill level 15 in Shields
 14243 | Lair:6   | Reached XP level 14. HP: 133/133 MP: 13/13
 14579 | Lair:6   | Identified the amulet of Zeic {RegenMP Rampage}
 15003 | D:10     | Reached skill level 15 in Fighting
 15055 | D:10     | Noticed Maurice
 15066 | D:10     | Killed Maurice
 15528 | Orc:1    | Entered Level 1 of the Orcish Mines
 16178 | Orc:2    | Entered Level 2 of the Orcish Mines
 16857 | Orc:2    | Noticed an orc warlord
 16876 | Orc:2    | Banished an orc warlord
 17073 | Orc:2    | Found Veiduido's Magic Scroll Shoppe.
 17073 | Orc:2    | Found Bosagrau's Antique Armour Shop.
 17139 | Orc:2    | Bought a pair of boots for 121 gold pieces
 17159 | Orc:2    | Found a staircase to the Elven Halls.
 17378 | Orc:2    | Found Zocu's Weapon Shoppe.
 17378 | Orc:2    | Found Eclisoamp's Assorted Antiques.
 17393 | Orc:2    | Bought a scroll of identify for 48 gold pieces
 18419 | D:12     | Noticed Sonja
 18431 | D:12     | Noticed Gastronok
 18586 | D:12     | Killed Gastronok
 18591 | D:12     | Killed Sonja
 19138 | D:13     | Reached XP level 15. HP: 63/143 MP: 14/14
 19400 | D:13     | Found a gate to the Vaults.
 19829 | D:13     | Noticed Jorgrun
 19846 | D:13     | Killed Jorgrun
 19847 | D:13     | Reached skill level 16 in Fighting
 21560 | D:15     | Entered Level 15 of the Dungeon
 21595 | D:15     | Noticed HeliumTrimp's ghost (journeyman FoFi)
 21601 | D:15     | Found a runed translucent gate.
 21601 | D:15     | Found a runed translucent gate.
 21601 | D:15     | Found a runed translucent gate.
 21601 | D:15     | Noticed a sphinx
 21629 | D:15     | Found the -2 hat of the Alchemist {rElec rPois rF+ rC+ rN+
                  | Will+ rMut rCorr}
 21802 | D:15     | Reached skill level 10 in Dodging
 22013 | D:15     | Found a staircase to the Depths.
 22650 | Snake:1  | Entered Level 1 of the Snake Pit
 22870 | Snake:1  | Noticed Aizul
 22881 | Snake:1  | Banished Aizul
 23692 | Snake:2  | Reached XP level 16. HP: 73/154 MP: 15/15
 24204 | Snake:2  | Reached skill level 17 in Fighting
 25957 | Snake:3  | Noticed Donald
 25972 | Snake:3  | Killed Donald
 25973 | Snake:3  | Reached skill level 15 in Armour
 26134 | Snake:3  | Noticed Mara
 26137 | Snake:3  | Noticed freelancePsychic's illusion
 26155 | Snake:3  | Banished Mara
 26469 | Snake:3  | Found a blossoming altar of Fedhas.
 27041 | Snake:4  | Entered Level 4 of the Snake Pit
 28608 | Snake:4  | Reached skill level 18 in Fighting
 28608 | Snake:4  | Reached XP level 17. HP: 141/163 MP: 16/16
 29806 | Snake:4  | Got a serpentine rune of Zot
 30829 | D:15     | Killed HeliumTrimp's ghost
 31614 | Elf:1    | Entered Level 1 of the Elven Halls
 32645 | Elf:1    | Got Jeginemo's Volume of Attacks and the Escort
 32682 | Elf:1    | Found Kualugg's Jewellery Emporium.
 32684 | Elf:1    | Found Cuaq Jegg's Book Shop.
 32685 | Elf:1    | Found Keofujol's Jewellery Emporium.
 32907 | Elf:1    | Reached skill level 10 in Evocations
 33363 | Elf:2    | Reached skill level 19 in Fighting
 33886 | Elf:2    | Reached XP level 18. HP: 176/176 MP: 17/17
 33891 | Elf:2    | Found a runed translucent gate.
 33892 | Elf:2    | Found a runed translucent gate.
 33892 | Elf:2    | Found a runed translucent gate.
 33950 | Elf:2    | Noticed Asterion
 35002 | Elf:2    | Found a runed translucent door.
 35161 | Elf:2    | Found a portal to a secret trove of treasure.
 35417 | Elf:2    | Noticed Dataggej's ghost (adept MiBe)
 35506 | Elf:3    | Entered Level 3 of the Elven Halls
 35566 | Elf:3    | Found a magical portal.
 35575 | WizLab   | Entered Doroklohe's Tomb
 35846 | WizLab   | Identified the +7 dagger of Karma {antimagic, rElec rPois
                  | rF+}
 35875 | WizLab   | Noticed a royal mummy
 35904 | WizLab   | Killed a royal mummy
 36303 | WizLab   | Identified the +10 dagger of Causality {vorpal, Str+4 Int-2
                  | Dex+5}
 36593 | Elf:3    | Found Irphuowo's General Store.
 36601 | Elf:3    | Bought a potion of lignification for 45 gold pieces
 36601 | Elf:3    | Bought a +2 plate armour of fire resistance for 600 gold
                  | pieces
 36767 | Elf:3    | Found an ancient bone altar of Kikubaaqudgha.
 36806 | Elf:3    | Paralysed by an air elemental for 1 turns
 36858 | Elf:3    | Identified a scroll of acquirement
 37930 | Shoals:1 | Entered Level 1 of the Shoals
 38469 | Shoals:2 | Reached skill level 1 in Long Blades
 39949 | Shoals:3 | Noticed Ilsuiw
 40502 | Shoals:3 | Reached skill level 5 in Long Blades
 41008 | Shoals:4 | Entered Level 4 of the Shoals
 41143 | Shoals:4 | Paralysed by an air elemental for 1 turns
 41146 | Shoals:4 | Paralysed by an air elemental for 1 turns
 41172 | Shoals:4 | Reached XP level 19. HP: 168/184 MP: 18/18
 41178 | Shoals:4 | Paralysed by an air elemental for 1 turns
 41729 | Shoals:4 | Paralysed by an air elemental for 1 turns
 42084 | Shoals:4 | Identified the +0 pair of gloves "Zisoimo" {Harm +Blink
                  | rPois}
 42087 | Shoals:4 | Got a barnacled rune of Zot
 42531 | Vaults:1 | Entered Level 1 of the Vaults
 43019 | Vaults:1 | Reached skill level 10 in Long Blades
 43373 | Vaults:1 | Cast into level 2 of the Abyss (a wizard)
 43373 | Abyss:2  | Found a corrupted altar of Lugonu.
 43429 | Abyss:2  | Noticed a hellephant
 43436 | Abyss:2  | Found a shimmering altar of Xom.
 43438 | Abyss:2  | Found a shimmering altar of Xom.
 43438 | Abyss:2  | Found a shimmering altar of Xom.
 43439 | Abyss:2  | Found a shimmering altar of Xom.
 43440 | Abyss:2  | Found a shimmering altar of Xom.
 43440 | Abyss:2  | Found a shimmering altar of Xom.
 43440 | Abyss:2  | Found a shimmering altar of Xom.
 43443 | Abyss:2  | Found a shimmering altar of Xom.
 43444 | Abyss:2  | Found a corrupted altar of Lugonu.
 43444 | Abyss:2  | Found a shimmering altar of Xom.
 43444 | Abyss:2  | Found a shimmering altar of Xom.
 43445 | Abyss:2  | Found a shimmering altar of Xom.
 43445 | Abyss:2  | Found a shimmering altar of Xom.
 44190 | Abyss:3  | Found a corrupted altar of Lugonu.
 44257 | Abyss:3  | Found a corrupted altar of Lugonu.
 44277 | Abyss:3  | Found a corrupted altar of Lugonu.
 44538 | Abyss:3  | Found a corrupted altar of Lugonu.
 44775 | Abyss:3  | Noticed a bone dragon
 45003 | Abyss:3  | Noticed a bone dragon
 45013 | Abyss:3  | Killed a bone dragon
 45188 | Abyss:4  | Noticed a profane servitor
 45364 | Vaults:1 | Escaped the Abyss
 46263 | Elf:2    | Killed Asterion
 46270 | Elf:2    | You paid a toll of 2 scrolls of acquirement to enter a
                  | treasure trove
 46271 | Trove    | Entered a treasure trove
 46275 | Trove    | Identified the amulet "Huboqeaghe" {Spirit rCorr MP-9
                  | Dex+3}
 46277 | Trove    | Identified the amulet of the Heavens {rC+ Regen+ Slay+2}
 46291 | Trove    | Identified the amulet "Amuobaon" {Acrobat rElec rC+}
 46293 | Trove    | Identified the ring of Tender Moments {Ice Str+2}
 46305 | Trove    | Identified the ring "Tugila" {Ice rN+ Str+9 Dex-4}
 46306 | Trove    | Identified the ring of the Nightingale {Dex+3 SInv}
 46307 | Trove    | Identified the ring of Xocegiurph {Will+ Dex+3}
 47304 | Vaults:2 | Found Ympuej's General Store.
 47312 | Vaults:2 | Bought the +2 pair of boots of Uskayaw's Generosity {rElec
                  | Int+5} for 858 gold pieces
 47322 | Vaults:2 | Bought a +0 pair of gloves of infusion for 253 gold pieces
 47968 | Vaults:2 | Reached skill level 20 in Fighting
 49250 | Vaults:3 | Reached XP level 20. HP: 127/193 MP: 2/19
 49838 | Vaults:3 | Found a runed translucent gate.
 49839 | Vaults:3 | Found a runed translucent gate.
 49839 | Vaults:3 | Found a runed translucent gate.
 50443 | Vaults:3 | Found a staircase to the Crypt.
 50513 | Vaults:3 | Noticed SpeedRobin's ghost (adept DDFi)
 50568 | Vaults:4 | Found a crumbling gateway.
 50575 | Desolati | Entered the Desolation of Salt
 50881 | Desolati | Identified the ring "Lavuxzi" {rF++ rC+ Will+ rCorr}
 51192 | Desolati | Identified the ring of Noceeck {Contam rElec rPois Int+6
                  | Dex-2}
 51196 | Desolati | Identified the +5 chain mail "Wavun" {Dex+3}
 51199 | Desolati | Identified the ring "Haote" {rC+ Int-4 Dex+2 Stlth+}
 51205 | Desolati | Reached skill level 1 in Maces & Flails
 51216 | Desolati | Identified the +0 pair of boots of Fedhas's Inspiration
                  | {rCorr}
 51583 | Desolati | Reached skill level 21 in Fighting
 51639 | Desolati | Identified the amulet "Omniobin" {RegenMP Regen+}
 51642 | Desolati | Identified the +0 cloak of Demons {rC+ rCorr Int+6 SInv}
 51943 | Desolati | Identified the +1 pair of gloves of the Lair of Beasts
                  | {Drain rC+++ rCorr Int+5}
 52102 | Vaults:4 | Acquired a manual of Fighting
 52127 | Vaults:4 | Noticed Xtahua
 52151 | Vaults:4 | Killed Xtahua
 52152 | Vaults:4 | Reached skill level 15 in Evocations
 52498 | Vaults:4 | Reached XP level 21. HP: 121/202 MP: 13/20
 52505 | Vaults:4 | Reached skill level 5 in Maces & Flails
 53016 | Vaults:4 | Noticed Mennas
 53032 | Vaults:4 | Killed Mennas
 53559 | Vaults:4 | Reached skill level 22 in Fighting
 53962 | Depths:1 | Entered Level 1 of the Depths
 53962 | Depths:1 | You fall into a shaft and drop 1 floor!
 53966 | Depths:2 | Found a gateway to Hell.
 54649 | Depths:1 | Found a one-way gate to the infinite horrors of the Abyss.
 54839 | Depths:1 | Reached skill level 10 in Maces & Flails
 55516 | Depths:1 | Got the Grimoire of Enchantment
 55925 | Elf:1    | Bought a +4 ring of slaying for 780 gold pieces
 56008 | Elf:3    | Paralysed by an air elemental for 1 turns
 56016 | Elf:3    | Noticed Roxanne
 57182 | Elf:3    | Paralysed by an air elemental for 1 turns
 57188 | Elf:3    | Paralysed by an air elemental for 1 turns
 57192 | Elf:3    | Paralysed by an air elemental for 1 turns
 57195 | Elf:3    | Paralysed by an air elemental for 1 turns
 57197 | Elf:3    | Paralysed by an air elemental for 1 turns
 57203 | Elf:3    | Paralysed by an air elemental for 1 turns
 57206 | Elf:3    | Paralysed by an air elemental for 1 turns
 57208 | Elf:3    | Paralysed by an air elemental for 1 turns
 57480 | Elf:3    | Reached XP level 22. HP: 217/217 MP: 7/21
 57533 | Elf:3    | Identified the +4 war axe "Idu Ycsiz" {vorpal, Dex+4}
 57998 | Depths:2 | Found a one-way gate leading to the halls of Pandemonium.
 58301 | Depths:2 | Noticed a caustic shrike
 58312 | Depths:1 | Killed a caustic shrike
 58723 | Depths:2 | Reached skill level 23 in Fighting
 60051 | Depths:3 | Noticed Margery
 60052 | Depths:3 | Found a one-way gateway to a ziggurat.
 60060 | Depths:3 | Noticed a juggernaut
 60101 | Depths:3 | Killed a juggernaut
 60356 | Depths:3 | Killed Margery
 60358 | Depths:3 | Paralysed by a floating eye for 2 turns
 61107 | Depths:3 | Reached skill level 15 in Dodging
 61210 | Depths:4 | Entered Level 4 of the Depths
 61215 | Depths:4 | Noticed an ancient lich
 61256 | Depths:3 | Killed an ancient lich
 61388 | Depths:3 | Reached skill level 24 in Fighting
 61779 | Depths:4 | Got the Volume of Dark Magic
 61902 | Depths:4 | Reached XP level 23. HP: 182/224 MP: 7/22
 62137 | Depths:4 | Found a gate to the Realm of Zot.
 63219 | Vaults:5 | Entered Level 5 of the Vaults
 63289 | Vaults:5 | Reached skill level 1 in Throwing
 63414 | Vaults:5 | Noticed a dread lich
 63429 | Vaults:5 | Killed a dread lich
 63653 | Vaults:5 | Identified the +3 long sword of the Vestibule of Hell
                  | {freeze, rElec rCorr Stlth+}
 63653 | Vaults:5 | Identified the amulet of Gecex {Reflect +Blink Int+4 SH+5}
 63955 | Vaults:5 | Identified the +5 longbow of the Slicing Wolf {flame, Drain
                  | Int+3}
 63964 | Vaults:5 | Reached skill level 5 in Throwing
 64073 | Vaults:5 | Got Eringya's Reference Book on Venom and Changing
 64696 | Vaults:5 | Noticed an ancient lich
 64742 | Vaults:5 | Killed from afar by an ancient lich

Illustrated notes

Levels and vault maps discovered:
D:1:      lightli_arrival_noodles, layout_rooms, shapermc_ecumenical_altar_venn
D:2:      layout_basic, hangedman_decor_push, hex_medium
D:3:      layout_loops_corners
D:4:      kennysheep_big_flooded_room, layout_basic, serial_shops,
          kennysheep_mini
D:5:      layout_rooms, serial_shops, nicolae_diamond_shop,
          lemuel_flamethrower_2, uniq_edmund
D:6:      layout_loops_ring, minmay_temple_entry_ruins, uniq_pikel, uniq_duvessa
D:7:      layout_basic, lemuel_flame_loot_1
D:8:      layout_basic, nicolae_dithmenos_the_darkroom, david_lair_generic,
          kennysheep_generic_room_15
D:9:      layout_long_grid, ebering_ghost_disaster_area
D:10:     layout_loops_ring, erik_orc_3, uniq_maurice
D:11:     layout_layer_cave, serial_glass, glass_columns_c, glass_columns_a
D:12:     layout_big_octagon, serial_column_ruins,
          column_ruins_corridor_straight, column_ruins_open_medium,
          column_ruins_grid_4, column_ruins_open_small, fountainhead,
          uniq_gastronok, uniq_sonja
D:13:     layout_small_grid, hangedman_vaults_entry_quadrant_bands, uniq_jorgrun
D:14:     layout_stronghold
D:15:     hangedman_depths_entry_try_elsewhere_first, layout_cave_pools,
          kennysheep_flooded_box, gammafunk_ghost_split
Lair:1:   layout_chaotic_city, nicolae_quartered_pool_medium, grunt_megastairs_2
Lair:2:   layout_misc_corridors, st_stairs_13, serial_bayou_shore_a
Lair:3:   layout_roguey, shoals_dummy_entry, minmay_snake_entry_guardpost_small,
          lightli_volcano_entry_magma_tube, gammafunk_ghost_icy,
          minmay_stone_trees_medium, beast_lair_carwin_1
Lair:4:   layout_loops_ring, ebering_ghost_disaster_area
Lair:5:   layout_long_grid, slime_altar_2, grunt_megastairs_3
Lair:6:   minmay_lair_end_enchanted_forest, layout_long_grid,
          minmay_stone_trees_large
Shoals:1: layout_shoals, nicolae_shoals_arrival_archipelago
Shoals:2: dreamdust_from_the_deep, layout_shoals, nicolae_shoals_hunting_party
Shoals:3: layout_shoals, uniq_ilsuiw
Shoals:4: shoals_end_hellmonk_storm_palace [storm_palace_center_square,
          storm_palace_corner_blocked, storm_palace_corner_pillars,
          storm_palace_corner_narrow, storm_palace_corner_narrow], serial_shops
Snake:1:  layout_rooms, nrook_guardian_serpent_double, serial_bayou_shore_b,
          uniq_aizul
Snake:2:  layout_chambers, nicolae_snake_springs, grunt_megastairs_5
Snake:3:  layout_basic, basic_altar, uniq_mara, uniq_donald
Snake:4:  grunt_snake_rune_pools, layout_layer_cave
Orc:1:    layout_caves, mines4_lemuel
Orc:2:    st_orc_town, layout_diamond_mine
Elf:1:    eino_elf_arrival_customs, layout_loops_corners, minmay_elf_sorcery,
          hex_large, amcnicky_mini_pool_small, amcnicky_mini_corridor_feature,
          roderic_nine_men_s_morris, minmay_shop_grove
Elf:2:    nicolae_elf_blades_crystal_corner, layout_gridlike,
          ebering_ghost_inner_flame, enter_trove_6, grunt_ministairs_15,
          uniq_asterion
Elf:3:    minmay_elf_hall_golems, layout_gridlike,
          infiniplex_enter_wizlab_glasses, serial_shops, shop, basic_altar,
          nicolae_elf_deep_mausoleum, uniq_roxanne
Vaults:1: nicolae_vaults_quadrants, hangedman_vaults_maws,
          nicolae_vaults_little_squares_4, ontoclasm_vaults_ligature,
          nicolae_vaults_little_squares_5, nicolae_vaults_three_branches,
          grunt_vaults_swirl, nicolae_vaults_inception_corners,
          vaults_dpeg_hooks, v_misc_14, vaults_mumra_lcd, vaults_room_door_ring,
          v_rooms_3, v_misc_3, layout_vaults_maze
Vaults:2: nicolae_vaults_big_ls, vaults_room_stairs_pillars,
          ontoclasm_vaults_claustrophobia, vaults_room_pools,
          ontoclasm_vaults_shuriken, nicolae_vaults_network_barrier,
          vaults_room_door_ring, vaults_dpeg_diagonal, layout_vaults_quadrants,
          serial_shops, shop
Vaults:3: ebering_ghost_rock_garden, v_misc_19, vaults_room_door_ring,
          v_pattern_1, nicolae_vaults_asterisk, vaults_room_grid,
          nicolae_vaults_network_star, v_misc_13,
          nicolae_vaults_twisting_passages, v_rooms_5, vaults_room_corners,
          nicolae_vaults_little_squares_6, minmay_crypt_entry_vampire_xt,
          v_misc_23, st_more_cells, nicolae_vaults_alarming,
          layout_vaults_big_room
Vaults:4: portal_desolation_entry_garden, vaults_dpeg_doors, v_misc_15,
          nicolae_vaults_disjoint_gnomons, vaults_dpeg_cross,
          nicolae_vaults_network_s, grunt_vaults_bifocal,
          vaults_standard_mumra_lines, vaults_room_grid,
          nicolae_vaults_little_squares_5, layout_vaults_omnicross, uniq_mennas,
          uniq_xtahua
Vaults:5: uniq_saint_roka
Depths:1: layout_basic, hangedman_decor_peaks_small, hell_entry,
          hangedman_abyss_entry_splay, hangedman_research_probablistics,
          roderic_lattice_octagonal_star
Depths:2: nicolae_legendary_halls, layout_cave_pools, grunt_mini_vestibule,
          rand_demon_pan_entry_4, kennysheep_island_fort
Depths:3: minmay_cut_squares, layout_gridlike, ziggurat_fallback,
          corexii_corridor_pit, abyss_entry, grunt_hell_entry_dis_grunt,
          infiniplex_staircase_river, uniq_margery
Depths:4: grunt_zot_entry_funnels, layout_basic, special_room
          [special_room_morgue], grunt_decor_arrowhead, hell_entry,
          serial_bayou_shore_b

Skill      XL: |  1  2  3  4  5  6  7  8  9 10 11 12 13 14 15 16 17 18 19 20 21 22 23 |
---------------+----------------------------------------------------------------------+-----
Polearms       | 3 4 |  4.0
Fighting       | 4 5 6 7 9 10 11 12 13 14 15 16 18 19 20 21 22 24 | 24.5
Short Blades   | 1 3 4 5 7 10 | 10.0
Dodging        | 1 4 7 9 10 12 13 15 | 15.5
Shields        | 7 9 11 13 16 18 19 20 21 22 | 22.8
Armour         | 5 7 8 10 11 13 14 15 17 18 19 20 21 | 21.7
Evocations     | 1 5 7 8 9 10 12 13 15 16 17 18 | 18.7
Long Blades    | 6 14 | 14.6
Maces & Flails | 4 12 | 12.0
Throwing       | 7 |  7.8

Action                   |  1- 3 |  4- 6 |  7- 9 | 10-12 | 13-15 | 16-18 | 19-21 | 22-24 || total
-------------------------+-------+-------+-------+-------+-------+-------+-------+-------++-------
Melee: Trident           |    66 |       |       |       |       |       |       |       ||    66
       Headbutt          |     4 |     6 |    19 |    94 |   264 |   360 |   672 |   616 ||  2035
       Dagger            |    19 |    50 |   121 |   448 |  1309 |  1537 |       |       ||  3484
       Double sword      |       |       |       |       |       |    84 |  1739 |   275 ||  2098
       Unarmed           |       |       |       |       |       |     1 |       |       ||     1
       Demon whip        |       |       |       |       |       |       |   418 |  1286 ||  1704
Throw: Dart              |       |       |       |    18 |       |     1 |       |       ||    19
       Javelin           |       |       |       |       |       |       |     6 |     1 ||     7
Evoke: Wand              |       |       |       |    12 |    19 |    40 |     1 |     2 ||    74
       Tin of tremorston |       |       |       |       |       |     4 |     4 |     4 ||    12
       Phial of floods   |       |       |       |       |       |     2 |     2 |       ||     4
       Phantom mirror    |       |       |       |       |       |     2 |     2 |     2 ||     6
       Box of beasts     |       |       |       |       |       |       |       |     1 ||     1
  Use: Scroll            |     6 |       |     5 |     5 |    18 |    18 |    17 |     7 ||    76
       Potion            |       |       |     2 |     1 |     3 |    18 |    16 |     3 ||    43
 Stab: Invisible         |       |       |       |     1 |       |     9 |       |       ||    10
       Petrified         |       |       |       |       |     4 |       |     3 |       ||     7
       Paralysed         |       |       |       |       |     2 |     6 |       |     4 ||    12
       Distracted        |       |       |       |       |       |       |     4 |     3 ||     7
Armor: Scale mail        |    28 |    20 |    25 |       |       |       |       |       ||    73
       Plate armour      |       |       |    20 |   138 |       |   123 |   867 |   358 ||  1506
       Chain mail        |       |       |       |    40 |   271 |   193 |       |       ||   504
       Skin              |       |       |       |       |       |    26 |       |       ||    26
Dodge: Dodged            |    27 |    17 |    33 |    74 |   208 |   310 |   692 |   264 ||  1625
Block: Buckler           |    14 |     9 |    14 |       |       |       |       |       ||    37
       Tower shield      |       |       |    20 |   335 |  1149 |  1554 |  2458 |  1084 ||  6600
       Reflection        |       |       |       |       |    72 |   236 |    86 |    12 ||   406
